 Dungeon Crawl Stone Soup version 0.18-a0-1804-g0930707 (webtiles) character file.

519 Etesian the Digger (level 7, 47/50 HPs)
             Began as a Black Draconian Earth Elementalist on Apr 25, 2016.
             Was an Initiate of Sif Muna.
             Quit the game on level 4 of the Dungeon.
             The game lasted 00:16:31 (5425 turns).

Etesian the Digger (DrEE)                           Turns: 5425, Time: 00:16:32

Health: 47/50      AC:  6    Str: 10    XL:     7   Next: 1%
Magic:  6/12       EV: 13    Int: 18    God:    Sif Muna [......]
Gold:   174        SH:  0    Dex: 11    Spells: 3 memorised, 4 levels left

rFire  . . .     SeeInvis .     a - 76 stones
rCold  . . .     Gourm    .     (armour unavailable)
rNeg   . . .     Faith    .     (no shield)
rPois  .         Spirit   .     (helmet restricted)
rElec  +         Dismiss  .     (no cloak)
rCorr  .         Reflect  .     (no gloves)
SustAt .         Harm     .     (no boots)
MR     .....                    (no amulet)
Stlth  ++........               (no ring)
                                (no ring)

@: short of breath, not resistant to hostile enchantments, unstealthy
A: breathe lightning, unfitting armour, electricity resistance, cold-blooded, AC
+6
a: Breathe Lightning, Renounce Religion


You were on level 4 of the Dungeon.
You worshipped Sif Muna.
Sif Muna was noncommittal.
You were not hungry.

You visited 2 branches of the dungeon, and saw 5 of its levels.

You collected 174 gold pieces.

Inventory:

Hand Weapons
 b - a +1 dagger of draining
Missiles
 a - 76 stones (in hand)
Scrolls
 i - 5 scrolls of remove curse
 n - 2 scrolls of amnesia
 o - 3 scrolls of immolation
 p - a scroll of fear
Potions
 e - a potion of degeneration {unknown}
 f - 2 potions of lignification
 h - a potion of cure mutation
 j - 2 potions of berserk rage {unknown}
 q - a potion of might
 r - a potion of magic {unknown}
 u - a potion of haste {unknown}
 v - 2 potions of ambrosia
 w - a potion of mutation {unknown}
 A - a potion of brilliance {unknown}
Books
 l - a book of Geomancy

   Spells                             Type                      Level
   a - Sandblast                      Earth                        1
   b - Passwall                       Transmutation/Earth          2
   c - Stone Arrow                    Conjuration/Earth            3
   d - Petrify                        Transmutation/Earth          4
   e - Lee's Rapid Deconstruction     Earth                        5
Comestibles
 c - 3 bread rations
 d - a slice of pizza
 g - 2 chunks of flesh
 k - 3 fruits
 s - a beef jerky
 z - 3 meat rations


   Skills:
 + Level 3.2 Dodging
 - Level 1.7 Stealth
 + Level 3.6 Spellcasting
 * Level 3.9 Conjurations
   Level 1.0 Transmutations
 * Level 4.1 Earth Magic


You had 4 spell levels left.
You knew the following spells:

 Your Spells              Type           Power        Failure   Level  Hunger
a - Sandblast             Erth           ###...       2%          1    None
b - Stone Arrow           Conj/Erth      ###...       12%         3    ###....
c - Lee's Rapid Deconstr  Erth           ###.......   78%         5    ######.


Dungeon Overview and Level Annotations

Branches:
Dungeon (4/15)             Temple (1/1) D:4

Altars:
Ashenzari
Cheibriados
Dithmenos
Elyvilon
Gozag
Kikubaaqudgha
Nemelex Xobeh
Okawaru
Pakellas
Ru
Sif Muna
Xom
Yredelemnul


Innate Abilities, Weirdness & Mutations

You can breathe wild blasts of lightning.
Your glossy black scales are hard (AC +6).
Your body does not fit into most forms of armour.
You are resistant to electric shocks.
You are cold-blooded and may be slowed by cold attacks.


Message History

You kill the adder!
You have reached level 7!
Your scales start taking on a glossy black colour.
You learn Air Magic much quicker.
You learn Earth Magic much slower.
Your Earth Magic skill decreases to level 4!
You can breathe wild blasts of lightning.
You feel insulated.
Health restored: 50 You now have 5/12 mp.
You breathe a wild blast of lightning!
The orb of electricity explodes!
The orb of electricity engulfs you! You resist.
You hear a mighty clap of thunder!
You feel somewhat more hungry.
You hear a howl!
You hear a shout!
You take 3 damage, and have 47/50 hp.
Okay, then.
Unknown command.
Quiver which item? (- for none, * to show all) (? for menu, Esc to quit)
Okay, then.
Are you sure you want to abandon this character and quit the game? (Confirm with "yes".)

###..........#
##..[....>....#
##.............#
#..............#
#.......####'####
#......##.......##
##.....#.⌠#####⌠.#
##.....#.##...##.#
#....@.# #.⌠.⌠.#.#
.......††.#
#..<..#.#
..##..!...#
#.⌠.⌠.#.#
..........#
##...##.#
!#..#...##.⌠##'##⌠.#
. #.###...
#.......## #. ###.
######### . . ..


There were no monsters in sight!

Vanquished Creatures
  Sigmund (D:3)
  The ghost of shitmuffin the Shooter, an amateur CeHu (D:3)
  An orc priest (D:2)
  An orc wizard (D:2)
  Terence (D:1)
  An iguana (D:4)
  2 worker ants
  5 adders
  An ooze (D:1)
  A worm (D:4)
  A dart slug (D:3)
  5 giant geckos
  6 orcs
  2 giant cockroaches
  6 goblins
  5 hobgoblins
  3 jackals (D:1)
  4 quokkas
  4 bats
  3 giant newts
  7 kobolds
  4 rats
65 creatures vanquished.

Notes
Turn   | Place    | Note
--------------------------------------------------------------
     0 | D:1      | Etesian the Draconian Earth Elementalist began the quest for the Orb.
     0 | D:1      | Reached XP level 1. HP: 14/14 MP: 3/3
   543 | D:1      | Reached XP level 2. HP: 19/20 MP: 0/5
  1110 | D:2      | Reached XP level 3. HP: 25/26 MP: 0/6
  1119 | D:2      | Learned a level 3 spell: Stone Arrow
  1286 | D:2      | Reached skill level 1 in Conjurations
  1294 | D:2      | Found a white marble altar of Elyvilon.
  1309 | D:2      | Noticed Terence
  2329 | D:2      | Reached XP level 4. HP: 12/33 MP: 1/8
  2714 | D:3      | Noticed shitmuffin's ghost (amateur CeHu)
  3053 | D:3      | Noticed Sigmund
  3758 | D:2      | Reached skill level 4 in Earth Magic
  3825 | D:2      | Reached XP level 5. HP: 14/38 MP: 0/9
  3906 | D:2      | Learned a level 5 spell: Lee's Rapid Deconstruction
  4134 | D:3      | Killed Sigmund
  4134 | D:3      | Reached XP level 6. HP: 41/45 MP: 3/11
  4380 | D:3      | Killed shitmuffin's ghost
  4995 | D:4      | Found a staircase to the Ecumenical Temple.
  5005 | Temple   | Entered the Ecumenical Temple
  5128 | Temple   | Became a worshipper of Sif Muna the Loreminder
  5265 | D:1      | Killed Terence
  5417 | D:4      | Reached skill level 5 in Earth Magic
  5421 | D:4      | Your scales start taking on a glossy black colour.
  5421 | D:4      | Reduced skill Earth Magic to level 4
  5421 | D:4      | Reached XP level 7. HP: 50/50 MP: 5/12
  5421 | D:4      | Gained mutation: You are resistant to electric shocks. [Black Draconian growth]
  5425 | D:4      | Quit the game

Vault maps used:
D:1:      dpeg_arrival_lava_temple_mockup
D:2:      old_standard_altar, dk_noncrumbling_3, uniq_terence
D:3:      uniq_sigmund
D:4:      minmay_temple_entry_large_hall, grunt_ministairs_11
Temple:   jpeg_temple_clearing_12

Skill      XL: |  1  2  3  4  5  6 |
---------------+-------------------+-----
Dodging        | 2 3 |  3.2
Conjurations   | 1 2 3 |  3.9
Earth Magic    | 4 4 |  4.1
Spellcasting   | 3 |  3.6
Stealth        | |  1.7
Transmutations | |  1.0

Action                   |  1- 3 |  4- 6 |  7- 9 || total
-------------------------+-------+-------+-------++-------
Melee: Dagger            |    81 |    66 |       ||   147
       Tailslap          |     7 |     3 |       ||    10
Throw: Stone             |       |     1 |       ||     1
 Cast: Sandblast         |    61 |    56 |     1 ||   118
       Stone Arrow       |       |    12 |       ||    12
 Abil: Breathe Lightning |       |       |     1 ||     1
  Use: Scroll            |       |    12 |       ||    12
       Potion            |       |     1 |       ||     1
 Stab: Sleeping          |     1 |     2 |       ||     3
       Distracted        |     1 |       |       ||     1
  Eat: Chunk             |     5 |    11 |       ||    16
Armor: Skin              |    39 |    37 |       ||    76
Dodge: Dodged            |    84 |    91 |       ||   175
